 Dungeon Crawl Stone Soup version 0.28.0-49-g6dfe1f597d (webtiles) character file.

Game seed: 354175967205320729

118 Gabide the Poker (level 5, -3/42 HPs)
             Began as a Human Monk on May 12, 2022.
             Slain by an orc priest
             ... wielding a +0 whip
              (4 damage)
             ... on level 4 of the Dungeon.
             The game lasted 00:06:06 (3640 turns).

Gabide the Poker (Human Monk)                       Turns: 3640, Time: 00:06:08

Health: -3/42      AC:  5    Str: 13    XL:     5   Next: 23%
Magic:  14/14      EV: 13    Int: 10    God:
Gold:   111        SH:  0    Dex: 16    Spells: 0/4 levels left

rFire   . . .      SeeInvis .   a - +1 spear
rCold   . . .      Faith    .   (no shield)
rNeg    . . .      Spirit   .   d - +0 leather armour
rPois   .          Reflect  .   h - +0 helmet
rElec   .          Harm     .   (no cloak)
rCorr   .          Rampage  .   g - +0 pair of gloves
Will    .....                   (no boots)
Stlth   ++........              (no amulet)
HPRegen 0.14/turn               i - ring of magical power
MPRegen 0.14/turn               (no ring)

@: no status effects
A: no striking features
a: no special abilities


You were on level 4 of the Dungeon.
You visited 1 branch of the dungeon, and saw 4 of its levels.

You collected 111 gold pieces.

Inventory:

Hand Weapons
 a - a +1 spear (weapon)
Armour
 d - a +0 leather armour (worn)
 g - a +0 pair of gloves (worn)
 h - a +0 helmet (worn)
Jewellery
 i - a ring of magical power (left hand)
 k - a +6 ring of intelligence
Scrolls
 c - a scroll of silence {unknown}
Potions
 b - 2 potions of invisibility {unknown}
 e - a potion of magic {unknown}
 f - a potion of cancellation {unknown}
 j - a potion of berserk rage {unknown}


   Skills:
 * Level 3.6 Fighting
 * Level 3.7 Polearms
 - Level 2.0 Armour
 * Level 3.7 Dodging
 - Level 2.0 Stealth
 + Level 0.4 Spellcasting
 + Level 0.3 Translocations


You couldn't memorise any spells.
You knew the following spells:

 Your Spells              Type           Power      Damage    Failure   Level
a - Blink                 Tloc           0%         N/A       52%         2
b - Ensorcelled Hibernat  Hex/Ice        0%         N/A       56%         2

Your spell library contained the following spells:

 Spells                   Type           Power      Damage    Failure   Level
 Passwall                 Tmut/Erth      0%         N/A       56%         2
 Swiftness                Air            0%         N/A       80%         3
 Manifold Assault         Tloc           0%         N/A       100%        5
 Storm Form               Tmut/Air       0%         N/A       100%        7


Dungeon Overview and Level Annotations

Branches:
Dungeon (4/15)
 Temple: D:4-7

Altars:
Ashenzari
Kikubaaqudgha

Shops:
D:1 [


Message History

Reach: a) +1 spear
Press: ? - help, Dir - move target, f - orc priest
Aim: an orc priest, wielding a +0 club (asleep, about 2% to evade your +1 spear)
You reach to attack!
The helpless orc priest fails to defend itself.
You puncture the orc priest!
The orc priest is heavily wounded.
The orc shouts! x2
The orc priest misses you.
The orc shouts!
You barely miss the orc priest.
The orc priest is heavily wounded.
The orc closely misses you.
The orc priest casts a cantrip, but nothing happens.
An orc priest comes into view. It is wielding a +0 whip.
The orc misses you.
You hit the orc priest.
The orc priest is severely wounded.
The orc priest hits you but does no damage.
The orc hits you with a +0 flail. The orc barely misses you.
The orc hits you with a +0 mace.
You hit the orc priest.
The orc priest is almost dead.
The orc barely misses you.
The orc priest invokes the aid of Beogh against you.
Pain shoots through your body! The orc misses you.
You barely miss the orc priest.
The orc priest is almost dead.
The orc priest hits you with a +0 club. The orc hits you with a +0 flail.
The orc barely misses you. The orc priest completely misses you.
The orc hits you with a +0 mace!
* * * LOW HITPOINT WARNING * * *
You hit the orc priest but do no damage.
The orc priest is almost dead.
The orc priest hits you with a +0 club.
* * * LOW HITPOINT WARNING * * *
The orc closely misses you. The orc hits you with a +0 mace.
* * * LOW HITPOINT WARNING * * *
The orc barely misses you. The orc priest hits you with a +0 whip.
You die...

#.#.# ########
#.#.# #......#
##.#.####.####.#
#..............#
#
##....####.###..#
.#.#.....#
#......#
.........#
#####.#####
>#.......#
#..oo.....#
#####.###
#.#o@.###.# #.#
#oo.# ##'## #...#
##...## ##.##
##.....## ...
##.......## #.#
##:........# ...
.'.........+ ...
##.........#


You could see 2 orc priests and 3 orcs.

Vanquished Creatures
  3 gnolls
  2 adders
  A worm (D:2)
  5 dart slugs
  5 bats
  A bat zombie (D:3)
  4 endoplasms
  5 giant cockroaches
  2 goblins
  4 hobgoblins (D:1)
  3 quokkas
  6 ball pythons
  3 frilled lizards
  7 kobolds
  5 rats
  2 rat zombies (D:3)
58 creatures vanquished.

Vanquished Creatures (others)
  A ball python (D:1)
  A rat (D:1)
2 creatures vanquished.

Grand Total: 60 creatures vanquished

Notes
Turn   | Place    | Note
-------+----------+-------------------------------------------
     0 | D:1      | Gabide the Human Monk began the quest for the Orb.
     0 | D:1      | Reached XP level 1. HP: 18/18 MP: 1/1
   258 | D:1      | Reached XP level 2. HP: 24/24 MP: 2/2
   325 | D:1      | Found Cuatrovy's Antique Armour Boutique.
   354 | D:1      | Reached skill level 1 in Armour
   689 | D:1      | Reached XP level 3. HP: 29/29 MP: 3/3
  1519 | D:2      | Reached XP level 4. HP: 34/35 MP: 4/4
  1677 | D:2      | Found a faded altar of an unknown god.
  1842 | D:2      | You fall into a shaft and drop 1 floor!
  2197 | D:2      | Learned a level 2 spell: Blink
  2423 | D:3      | Found a broken altar of Ashenzari.
  2757 | D:3      | Reached XP level 5. HP: 41/41 MP: 5/5
  3406 | D:3      | Found an ancient bone altar of Kikubaaqudgha.
  3585 | D:3      | Learned a level 2 spell: Ensorcelled Hibernation
  3640 | D:4      | HP: 1/42 [orc/+0 mace (2)]
  3640 | D:4      | Slain by an orc priest

Illustrated notes

Levels and vault maps discovered:
D:1:      dpeg_arrival_snail, layout_loops_ring, serial_shops,
          nicolae_shop_crystal, chequers_serial_rivers_large_a,
          lemuel_flame_loot_1
D:2:      layout_basic, hellmonk_ecumenical_altar_blasted,
          minmay_misc_feat_pillars, kennysheep_boxes
D:3:      layout_basic, lemuel_zombie_altar_kikubaaqudgha,
          mainiacjoe_overflow_boulevard
D:4:      layout_loops_corners, lemuel_crystal_altar,
          nemelex_xobeh_ov_fountains_minmay, minmay_temple_entry_tees,
          kennysheep_generic_room_7

Skill      XL: |  1  2  3  4 |
---------------+-------------+-----
Armour         | 1 2 |  2.0
Fighting       | |  3.6
Polearms       | |  3.7
Dodging        | |  3.7
Stealth        | |  2.0
Spellcasting   | |  0.4
Translocations | |  0.3

Action                   |  1- 3 |  4- 6 || total
-------------------------+-------+-------++-------
Melee: Spear             |   111 |   123 ||   234
       Punch             |       |     3 ||     3
  Use: Scroll            |     2 |       ||     2
 Stab: Sleeping          |     7 |     4 ||    11
Armor: Leather armour    |    26 |    19 ||    45
Dodge: Dodged            |    47 |    66 ||   113
